AoeStats
← ihate

Arena

510628249Analyzed
1v1 RM · 1d ago on Oct 1, 2026· 33m 13s· 2 players
Game mode
Random Map
Map size
Tiny (2 player)
Population
200
Speed
Normal
Resources
Standard
Victory
Conquest
Starting age
Dark Age
Ending age
Imperial Age
RankedLock teamsTeams togetherTeam positionsShared explorationLock speedFull tech treeHidden civsTurbo modeCheats
Victory
Defeat
🇩🇪 Danes · Germany
1157
+17
🇪🇸 Danes · Spain
1188
-17
ihate
10:38 Feudal Age
14:47 Castle Age
13:04 Double-Bit Axe
14:21 Horse Collar
14:34 Gold Mining
14:58 Scale Mail Armor
15:09 Forging
19:04 Heavy Plow
21:26 Fletching
24:47 Scale Mail Armor
26:41 Chain Mail Armor
26:38 Loom
29:05 Iron Casting
31:54 Arson
kikemzhz
11:57 Feudal Age
13:38 Loom
16:18 Castle Age
14:44 Double-Bit Axe
16:01 Horse Collar
17:25 Bow Saw
19:18 Gold Mining
20:34 Heavy Plow
29:48 Imperial Age
27:29 Squires
27:17 Gambesons
27:37 Scale Mail Armor
27:47 Forging
28:49 Gold Shaft Mining
28:07 Hamask
Connection lost

Rejoining the realm…

Still unreachable

The connection could not be restored.

Session expired

The server has moved on; the page needs a fresh start.